 Dungeon Crawl Stone Soup version 0.27-a0-1278-g6cbc8dfb29 (webtiles) character file.

Game seed: 986248316246828951

1980 freelancePsychic the Cleaver (level 9, 0/67 HPs)
             Began as a Ghoul Gladiator on June 12, 2021.
             Was a Follower of Cheibriados.
             Slain by a wight (9 damage)
             ... on level 6 of the Dungeon.
             The game lasted 00:12:52 (7022 turns).

freelancePsychic the Cleaver (Ghoul Gladiator)      Turns: 7022, Time: 00:12:52

Health: 0/67       AC: 12    Str: 24    XL:     9   Next: 20%
Magic:  8/11       EV: 10    Int:  6    God:    Cheibriados [*.....]
Gold:   256        SH:  0    Dex: 13    Spells: 8/8 levels left

rFire    . . .     SeeInvis .   a - +0 war axe
rCold    + + +     Faith    +   (no shield)
rNeg     + + +     Spirit   .   r - +1 chain mail {rC+}
rPois    ∞         Reflect  .   c - +0 helmet
rElec    .         Harm     .   q - +0 cloak
rCorr    .         Rampage  .   (no gloves)
Will     .....                  g - +0 pair of boots
Stlth    ..........             l - amulet of faith
HPRegen  0.00/turn              p - ring of protection from cold
MPRegen  0.12/turn              (no ring)

@: very slow
A: claws 1, cold resistance 1, negative energy resistance 3, inhibited
regeneration, torment resistance 2
a: Renounce Religion, Bend Time


You were on level 6 of the Dungeon.
You worshipped Cheibriados.
Cheibriados was aware of your devotion.
You visited 1 branch of the dungeon, and saw 6 of its levels.

You collected 256 gold pieces.

Inventory:

Hand Weapons
 a - a +0 war axe (weapon)
 b - a +0 hunting sling
Missiles
 d - 2 throwing nets (quivered)
 f - 3 javelins
 i - 30 bolts
 k - 217 stones
 m - 94 sling bullets
Armour
 c - a +0 helmet (worn)
 g - a +0 pair of boots (worn)
 j - a +0 leather armour
 q - a +0 cloak (worn)
 r - a +1 chain mail of cold resistance (worn)
Jewellery
 l - an amulet of faith (around neck)
 p - a ring of protection from cold (left claw)
 x - a ring of protection from cold
Wands
 n - a wand of flame (14)
 t - a wand of digging (4)
Scrolls
 h - a scroll of immolation
 o - a scroll of vulnerability {unknown}
 s - a scroll of magic mapping
 v - a scroll of enchant armour
 y - a scroll of teleportation {@r4}
Potions
 e - a potion of flight
 u - a potion of lignification
 w - a potion of berserk rage {unknown}


   Skills:
 - Level 2.2 Fighting
 + Level 9.1 Axes
 - Level 1.7 Throwing
 + Level 5.5 Dodging
 + Level 4.6 Invocations


You had 8 spell levels left.
You didn't know any spells.
Your spell library contained the following spells:

 Spells                   Type           Power      Damage    Failure   Level
 Corona                   Hex            0%         N/A       99%         1
 Ensorcelled Hibernation  Hex/Ice        0%         N/A       100%        2
 Confusing Touch          Hex            0%         N/A       100%        3
 Dazzling Flash           Conj/Hex       0%         N/A       100%        3
 Tukima's Dance           Hex            0%         N/A       100%        3


Dungeon Overview and Level Annotations

Branches:
Dungeon (6/15)
 Temple: D:4-7

Altars:
Cheibriados
Hepliaklqana

Shops:
D:4 (

Annotations:
D:4 1 runed translucent door, krigyl's ghost, amateur TrAr


Innate Abilities, Weirdness & Mutations

You thrive by killing the living.
You are immune to poison.
You have sharp fingernails.
Your flesh is cold resistant. (rC+)
You are immune to negative energy. (rN+++)
You do not regenerate when monsters are visible.
You are immune to unholy pain and torment.


Message History

You are too injured to fight recklessly!
You are too injured to fight recklessly!
You are too injured to fight recklessly!
You are too injured to fight recklessly!
You are too injured to fight recklessly!
You are too injured to fight recklessly!
You are too injured to fight recklessly!
You are too injured to fight recklessly!
You completely miss the wight. The wight barely misses you.
You closely miss the wight. The wight barely misses you.
You hit the wight but do no damage. The wight closely misses you.
You closely miss the wight.
The wight hits you with a +5 dire flail of freezing!
You hit the wight.
The wight is lightly damaged.
The wight closely misses you.
You hit the wight but do no damage.
The wight is lightly damaged.
The wight hits you with a +5 dire flail of freezing!
You closely miss the wight.
The wight is lightly damaged.
The wight barely misses you.
You hit the wight but do no damage.
The wight is lightly damaged.
The wight hits you with a +5 dire flail of freezing.
The flow of time bends around you.
Cheibriados rebukes the wight.
The wight seems to slow down.
The wight hits you with a +5 dire flail of freezing!
* * * LOW HITPOINT WARNING * * *
The wight freezes you.
* * * LOW HITPOINT WARNING * * *
It was a potion of lignification.
You feel woody for a moment.
You hit the wight.
The wight is moderately damaged.
The wight barely misses you.
You closely miss the wight.
The wight is moderately damaged.
The wight hits you with a +5 dire flail of freezing!
You die...

..# ## #### .#. #.
...# ..
###.###..#######
#.###..............#
...........<.......
..#...............
#z#.....#..#...#..
#@#####.#..#......
#.# #.#.##...... #.#
#.#.....##..
#.#####.########.#
#.......# ###
######### # #


You could see a wight (slow).

Vanquished Creatures
  Maggie (D:6)
  Grinder (D:5)
  Sigmund (D:3)
  Duvessa (D:5)
  2 black bears (D:5)
  An ice beast (D:6)
  2 ogres
  A scorpion (D:6)
  Dowan (D:5)
  A water moccasin zombie (D:6)
  A water moccasin skeleton (D:5)
  2 wights (D:6)
  A bullfrog zombie (D:5)
  A howler monkey (D:6)
  A centaur zombie (D:5)
  Crazy Yiuf (D:2)
  2 orc priests (D:4)
  Natasha (D:2)
  An iguana (D:5)
  An orc wizard (D:6)
  Terence (D:2)
  2 hound skeletons (D:4)
  8 adders
  A white imp (D:6)
  An adder zombie (D:5)
  3 worms
  5 dart slugs
  11 orcs
  8 ball pythons
  6 bats
  14 endoplasms
  5 giant cockroaches
  12 goblins
  11 hobgoblins
  12 jackals
  2 quokkas
  A frilled lizard (D:1)
  8 kobolds
  4 rats
139 creatures vanquished.

Notes
Turn   | Place    | Note
-------+----------+-------------------------------------------
     0 | D:1      | freelancePsychic the Ghoul Gladiator began the quest for
                  | the Orb.
     0 | D:1      | Reached XP level 1. HP: 17/17 MP: 0/0
    36 | D:1      | Reached skill level 3 in Axes
   224 | D:1      | Reached XP level 2. HP: 24/24 MP: 1/1
   474 | D:1      | Found a faded altar of an unknown god.
   777 | D:1      | Reached XP level 3. HP: 27/29 MP: 2/2
  1165 | D:2      | Reached skill level 4 in Axes
  1418 | D:2      | Noticed Terence
  1663 | D:2      | Reached XP level 4. HP: 31/36 MP: 3/3
  2347 | D:3      | Noticed Natasha
  2488 | D:2      | Killed Terence
  2489 | D:2      | Reached skill level 5 in Axes
  2657 | D:2      | Reached XP level 5. HP: 41/41 MP: 4/4
  2692 | D:2      | Found a runed translucent door.
  2693 | D:2      | Noticed Crazy Yiuf
  2882 | D:2      | Killed Crazy Yiuf
  3181 | D:2      | Killed Natasha
  3391 | D:3      | Noticed an ogre
  3427 | D:3      | Killed an ogre
  3428 | D:3      | Reached skill level 6 in Axes
  3428 | D:3      | Reached XP level 6. HP: 48/48 MP: 5/5
  3504 | D:3      | Noticed Sigmund
  3516 | D:3      | Killed Sigmund
  3517 | D:3      | Reached skill level 7 in Axes
  3517 | D:3      | Reached XP level 7. HP: 43/55 MP: 6/6
  3799 | D:4      | Found a snail-covered altar of Cheibriados.
  3821 | D:4      | Became a worshipper of Cheibriados the Contemplative
  3849 | D:4      | You fall into a shaft and drop 1 floor!
  3849 | D:5      | Entered Level 5 of the Dungeon
  4001 | D:5      | Found a hazy altar of Hepliaklqana.
  4102 | D:5      | Noticed Duvessa
  4102 | D:5      | Noticed Dowan
  4226 | D:4      | Found a runed translucent door.
  4365 | D:4      | Noticed krigyl's ghost (amateur TrAr)
  4383 | D:4      | Found Faocs's Weapon Emporium.
  5078 | D:5      | Killed Duvessa
  5079 | D:5      | Reached skill level 8 in Axes
  5079 | D:5      | Reached XP level 8. HP: 32/61 MP: 7/7
  5112 | D:5      | Killed Dowan
  5515 | D:5      | Noticed Grinder
  5536 | D:5      | Paralysed by Grinder for 5 turns
  5553 | D:5      | Killed Grinder
  5554 | D:5      | Reached skill level 1 in Invocations
  6452 | D:6      | Reached * piety under Cheibriados
  6543 | D:6      | Reached skill level 5 in Dodging
  6575 | D:6      | Noticed Maggie
  6590 | D:6      | Killed Maggie
  6591 | D:6      | Reached skill level 9 in Axes
  6591 | D:6      | Reached XP level 9. HP: 52/67 MP: 7/11
  7022 | D:6      | Slain by a wight

Illustrated notes

Levels and vault maps discovered:
D:1:      lightli_arrival_boilingwater, layout_loops_ring,
          hellmonk_ecumenical_altar_heavens_door, minmay_cupped
D:2:      layout_rooms, hex_tiny, roderic_filled_cross, minmay_quadrilaterals,
          uniq_terence, uniq_crazy_yiuf_cottage
D:3:      layout_rooms, minmay_ogre_servants, uniq_sigmund, uniq_natasha
D:4:      layout_cave_pools, kennysheep_little_box, ebering_ghost_sewer_d,
          kennysheep_windowed_goal
D:5:      layout_layer_cave, kennysheep_mini_moat, uniq_grinder, uniq_duvessa
D:6:      layout_basic, minmay_temple_entry_fiery, uniq_maggie, uniq_menkaure

Skill      XL: |  1  2  3  4  5  6  7  8 |
---------------+-------------------------+-----
Axes           | 3 4 5 6 7 8 9 |  9.1
Dodging        | 3 5 |  5.5
Invocations    | 4 |  4.6
Fighting       | |  2.2
Throwing       | |  1.7

Action                   |  1- 3 |  4- 6 |  7- 9 || total
-------------------------+-------+-------+-------++-------
Melee: War axe           |    94 |    84 |   276 ||   454
 Fire: Hunting sling     |     9 |    89 |     8 ||   106
Throw: Throwing net      |       |     2 |     2 ||     4
       Javelin           |       |       |     3 ||     3
Invok: Bend Time         |       |       |     5 ||     5
  Use: Scroll            |     3 |     3 |     1 ||     7
       Potion            |       |     2 |     5 ||     7
Armor: Leather armour    |    46 |    24 |       ||    70
       Chain mail        |       |    36 |   147 ||   183
Dodge: Dodged            |    92 |    71 |   135 ||   298

Table legend: (Time is in decaauts)
 A = Elapsed time spent in this place.
 B = Non-inter-level travel time spent in this place.
 C = Inter-level travel time spent in this place.
 D = Time resting spent in this place.
 E = Time spent auto-exploring this place.
 F = Levels seen in this place.
 G = Mean time per level.
                   A        B        C        D        E       F      G
               +--------+--------+--------+--------+--------+-----+--------+
         Total |   7622 |   7440 |    182 |    945 |   5224 |   6 | 1270.3 |
       Dungeon |   7622 |   7440 |    182 |    945 |   5224 |   6 | 1270.3 |
               +--------+--------+--------+--------+--------+-----+--------+

Top non-repeatable levels by time:
     D:5: 2281 daAuts
     D:2: 1802 daAuts
     D:1: 1427 daAuts
     D:4: 860 daAuts
     D:6: 703 daAuts
     D:3: 547 daAuts
